 Dungeon Crawl Stone Soup version 0.28-a0-691-gad6df49e81 (webtiles) character file.

Game seed: 16623961243045710238

84 rogsnak the Gusty (level 4, -7/30 HPs)
             Began as a Barachi Air Elementalist on Oct 21, 2021.
             Killed from afar by Sigmund (9 damage)
             ... with a puff of flame
             ... on level 3 of the Dungeon.
             The game lasted 00:06:41 (2911 turns).

rogsnak the Gusty (Barachi Air Elementalist)        Turns: 2911, Time: 00:06:42

Health: -7/30      AC:  2    Str:  9    XL:     4   Next: 46%
Magic:  8/8        EV: 12    Int: 16    God:
Gold:   101        SH:  0    Dex: 13    Spells: 5/9 levels left

rFire   . . .      SeeInvis .   j - +0 long sword
rCold   . . .      Faith    .   (no shield)
rNeg    . . .      Spirit   .   a - +0 robe
rPois   .          Reflect  .   (no helmet)
rElec   .          Harm     .   (no cloak)
rCorr   .          Rampage  .   (no gloves)
Will    .....                   (no boots)
Stlth   +.........              (no amulet)
HPRegen 0.10/turn               m - ring of flight
MPRegen 0.11/turn               (no ring)

@: confused, flying, slow
A: amphibious, slowness 1, strong legs 1, +LOS
a: Hop


You were on level 3 of the Dungeon.
You visited 1 branch of the dungeon, and saw 3 of its levels.

You collected 101 gold pieces.

Inventory:

Hand Weapons
 c - a +0 hand axe
 j - a +0 long sword (weapon)
Missiles
 b - 56 stones
 e - 42 sling bullets
 l - 9 arrows
Armour
 a - a +0 robe (worn)
Jewellery
 m - a ring of flight (left hand)
Scrolls
 d - a scroll of acquirement {unknown}
 g - 2 scrolls of teleportation {unknown}
 h - a scroll of identify {unknown}
Potions
 k - a potion of curing {unknown}


   Skills:
 + Level 0.1 Fighting
 + Level 2.3 Dodging
 + Level 1.9 Stealth
 + Level 3.0 Spellcasting
 * Level 2.7 Conjurations
 + Level 4.1 Air Magic


You had 5 spell levels left.
You knew the following spells:

 Your Spells              Type           Power      Damage    Failure   Level
a - Shock                 Conj/Air       52%        1d6       4%          1
b - Swiftness             Air            15%        N/A       10%         3

Your spell library contained the following spells:

 Spells                   Type           Power      Damage    Failure   Level
 Static Discharge         Conj/Air       13%        N/A       7%          2
 Airstrike                Air            7%         N/A       32%         4
 Gell's Gravitas          Tloc           1%         N/A       50%         3
 Teleport Other           Tloc           2%         N/A       50%         3
 Dispersal                Tloc           1%         N/A       100%        6


Dungeon Overview and Level Annotations

Branches:
Dungeon (3/15)

Altars:
Cheibriados
Gozag

Shops:
D:1 (   D:3 !

Annotations:
D:3 Sigmund


Innate Abilities, Weirdness & Mutations

You are amphibious.
You cover ground slowly.
You can hop short distances.
You have an extended range of vision and can be seen from far away.


Message History

Unknown command.
Casting: Shock (safe; 4% risk of failure)
Confirm with . or Enter, or press ? or * to list all spells.
You don't have enough magic to cast this spell.
Unknown command.
Sigmund points at you and mumbles some strange words.
The magic dart hits you!
* * * LOW HITPOINT WARNING * * *
Unknown command.
Casting: Shock (safe; 4% risk of failure)
Confirm with . or Enter, or press ? or * to list all spells.
Aiming: Shock (safe; 4% risk of failure)
Press: ? - help, Shift-Dir - straight line, f - Sigmund
Aim: Sigmund, wielding a +0 scythe and wearing a +2 robe of positive energy (severely wounded, 64% to hit)
The zap hits Sigmund.
Sigmund is almost dead.
Sigmund points at you and mumbles some strange words.
You resist with some effort.
Unknown command.
You barely miss Sigmund.
Sigmund is almost dead.
Sigmund closely misses you.
Unknown command.
You closely miss Sigmund.
Sigmund is almost dead.
You hear the slow rusting of a distant drain.
Sigmund points at you and mumbles some strange words.
You are confused.
Unknown command.
You are too confused!
Unknown command.
Okay, then.
It was a potion of flight.
You feel more buoyant. Sigmund closely misses you.
Unknown command.
It was a potion of magic.
Magic courses through your body. Sigmund casts a spell at you.
The puff of flame hits you!
You die...

### ##### #.##.) . ....
###...###.#... .. .....
###.......#.#...
........###...........#...
......................#...
.....S......._..⌠.._...>..
..........................
.......####.#.........#.#.
.......+.@@...............
.......####.##....#..##.#.
...... #.##$.........#.
.#### #.##..#.#..##.#.
#.##..#.#.....#. #.##.....
...... #.##..#.#.###.##
......#.#[...... .........
......


You could see Sigmund.

Vanquished Creatures
  2 adders (D:2)
  3 worms
  A dart slug (D:1)
  4 endoplasms
  A giant cockroach (D:2)
  7 goblins
  7 hobgoblins
  2 jackals (D:1)
  5 quokkas
  6 ball pythons
  3 bats
  2 frilled lizards (D:2)
  3 kobolds
  5 rats
51 creatures vanquished.

Notes
Turn   | Place    | Note
-------+----------+-------------------------------------------
     0 | D:1      | rogsnak the Barachi Air Elementalist began the quest for
                  | the Orb.
     0 | D:1      | Reached XP level 1. HP: 13/13 MP: 3/3
   190 | D:1      | Reached XP level 2. HP: 19/19 MP: 0/5
   304 | D:1      | Found a faded altar of an unknown god.
   716 | D:1      | Found Ipig's Antique Weapon Boutique.
   810 | D:1      | Reached XP level 3. HP: 24/24 MP: 4/6
   916 | D:1      | Learned a level 3 spell: Swiftness
  1072 | D:1      | Reached skill level 4 in Air Magic
  2171 | D:2      | Reached XP level 4. HP: 17/30 MP: 0/8
  2789 | D:3      | Found Bygeihiv's Distillery.
  2844 | D:3      | Noticed Sigmund
  2877 | D:3      | Found an opulent altar of Gozag.
  2879 | D:3      | Found a snail-covered altar of Cheibriados.
  2911 | D:3      | Killed from afar by Sigmund

Illustrated notes

Levels and vault maps discovered:
D:1:      eino_arrival_cavern_b, layout_basic, serial_shops, shop,
          dreamdust_ecumenical_altar_grove, minmay_pentomino_z4
D:2:      layout_basic, minmay_tripent
D:3:      layout_basic, grunt_temple_overflow_open,
          cheibrodos_sewer_entry_sluice, serial_shops, shop, uniq_sigmund

Skill      XL: |  1  2  3  4 |
---------------+-------------+-----
Air Magic      | 4 |  4.1
Conjurations   | 2 |  2.7
Spellcasting   | 3 |  3.0
Fighting       | |  0.1
Dodging        | |  2.3
Stealth        | |  1.9

Action                   |  1- 3 |  4- 6 || total
-------------------------+-------+-------++-------
Melee: Hand axe          |     9 |       ||     9
       Long sword        |       |     4 ||     4
 Cast: Shock             |    69 |    37 ||   106
  Use: Potion            |       |     2 ||     2
Armor: Robe              |     2 |       ||     2
Dodge: Dodged            |    16 |     7 ||    23

Table legend: (Time is in decaauts)
 A = Elapsed time spent in this place.
 B = Non-inter-level travel time spent in this place.
 C = Inter-level travel time spent in this place.
 D = Time resting spent in this place.
 E = Time spent auto-exploring this place.
 F = Levels seen in this place.
 G = Mean time per level.
                   A        B        C        D        E       F      G
               +--------+--------+--------+--------+--------+-----+--------+
         Total |   3257 |   3195 |     62 |    914 |   1634 |   3 | 1085.7 |
       Dungeon |   3257 |   3195 |     62 |    914 |   1634 |   3 | 1085.7 |
               +--------+--------+--------+--------+--------+-----+--------+

Top non-repeatable levels by time:
     D:1: 1641 daAuts
     D:2: 1461 daAuts
     D:3: 153 daAuts
